 Dungeon Crawl Stone Soup version bcrawl-1.23 (webtiles) character file.

Game seed: 13936806724276615396

15077 diana the Carver (level 11, -18/90 HPs)
             Began as a Demonspawn Gladiator on May 23, 2020.
             Was a High Priest of Okawaru.
             Demolished by a reaper
             ... wielding a +2 vampiric scythe
              (29 damage)
             ... in a Gauntlet.
             The game lasted 00:26:41 (13871 turns).

diana the Carver (Demonspawn Gladiator)            Turns: 13871, Time: 00:26:42

Health: -18/90     AC: 18    Str: 18    XL:     11   Next: 97%
Magic:  0/25       EV: 12    Int:  9    God:    Okawaru [*****.]
Gold:   948        SH:  5    Dex: 15    Spells: 10/10 levels left

rFire    . . .     SeeInvis .   a - +0 long sword
rCold    . . .     Gourm    .   (no shield)
rNeg     . . .     Faith    .   n - +0 chain mail
rPois    .         Spirit   +   c - +0 helmet
rElec    +         Reflect  .   I - +0 cloak
rCorr    .         Harm     .   (no gloves)
MR       .....     NoTele   +   (no boots)
Stlth    ..........             E - amulet of guardian spirit
HPRegen  0.25/turn              D - ring of magical power
MPRegen  0.19/turn              M - ring of insulation

@: heroism
A: claws 2, thin metallic scales 2, spiny 1, rot immunity
a: Heroism, Finesse, Renounce Religion


You were in a Gauntlet.
You worshipped Okawaru.
Okawaru was extremely pleased with you.
You were not hungry.

You visited 2 branches of the dungeon, and saw 12 of its levels.
You also visited: Bailey and Gauntlet.

You collected 948 gold pieces.

Inventory:

Hand Weapons
 a - a +0 long sword (weapon)
Missiles
 d - 3 throwing nets (quivered) {!f}
Armour
 c - a +0 helmet (worn)
 n - a +0 chain mail (worn)
 I - a +0 cloak (worn)
Magical Staves
 m - a cursed staff of conjuration {unknown}
Jewellery
 h - an uncursed ring of poison resistance
 s - an uncursed ring of flight
 D - a ring of magical power (left claw)
 E - an amulet of guardian spirit (around neck)
 M - a ring of insulation (right claw)
Wands
 p - a wand of disintegration (6)
 y - a wand of paralysis (9)
 C - a wand of polymorph (8)
 K - a wand of flame (2)
Scrolls
 b - a scroll of summoning
 f - 3 scrolls of enchant armour
 g - a scroll of identify
 j - a scroll of fear {unknown}
 l - 6 scrolls of remove curse
 q - 3 scrolls of teleportation
 r - a scroll of blinking {unknown}
 t - 2 scrolls of fog
 u - a scroll of amnesia {unknown}
 x - 2 scrolls of enchant weapon {unknown}
 B - a scroll of immolation {unknown}
 L - a scroll of magic mapping
 N - 2 scrolls of acquirement {unknown}
Potions
 i - 2 potions of might
 k - 3 potions of cancellation
 o - 3 potions of curing {unknown}
 v - 2 potions of agility
 w - a potion of magic {unknown}
 z - a potion of lignification {unknown}
 A - 4 potions of flight
 F - 2 potions of mutation
 H - a potion of brilliance {unknown}
 J - 3 potions of invisibility {unknown}
 O - 3 potions of resistance {unknown}
 P - a potion of berserk rage {unknown}
Comestibles
 e - 20 rations {!d}


   Skills:
 + Level 9.7(14.7) Fighting
 * Level 13.3(18.3) Long Blades
 - Level 1.7(6.7) Throwing
 + Level 6.6(11.6) Armour
 - Level 2.6(7.6) Dodging
 + Level 6.7 Invocations


You had 10 spell levels left.
You didn't know any spells.
Your spell library contained the following spells:

 Spells                   Type           Power        Failure   Level  Hunger
 Corona                   Hex            #......      97%         1    ##.....
 Sandblast                Erth           #.....       97%         1    ##.....
 Ensorcelled Hibernation  Hex/Ice        #.....       99%         2    ###....
 Passwall                 Tmut/Erth      #.......     99%         2    ###....
 Confuse                  Hex            #.......     100%        3    ####...
 Dazzling Spray           Conj/Hex       #.....       100%        3    ####...
 Stone Arrow              Conj/Erth      #.....       100%        3    ####...
 Tukima's Dance           Hex            #.......     100%        3    ####...
 Petrify                  Tmut/Erth      #.......     100%        4    #####..
 Lee's Rapid Deconstruct  Erth           #.........   100%        5    ######.
 Borgnjor's Vile Clutch   Necr/Erth      #.........   100%        6    #######
 Darkness                 Hex            #.........   100%        6    #######
 Infestation              Hex/Tmut/Pois  #........    100%        6    #######
 Shadow Creatures         Summ           N/A          100%        6    #######
 Time Stop                Chrm/Tloc      N/A          100%        8    #######


Dungeon Overview and Level Annotations

Branches:
Dungeon (11/12)            Temple (1/1) D:7            Lair (0/6) D:9
    Orc (0/1) D:10
 Vaults: D:11-12

Altars:
Ashenzari
Cheibriados
Dithmenos
Elyvilon
Fedhas
Gozag
Hepliaklqana
Kikubaaqudgha
Lugonu
Makhleb
Nemelex Xobeh
Okawaru
Qazlal
Ru
Sif Muna
Trog
Uskayaw
Vehumet
Wu Jian
Xom
Yredelemnul
Zin
The Shining One

Shops:
D:7 (   D:11 %

Annotations:
Gauntlet 9 transporters


Innate Abilities, Weirdness & Mutations

You have very sharp fingernails.
You are mostly covered in thin metallic scales. (AC +3)
You are partially covered in sharp spines.
You are immune to rotting.


Message History

You hit the reaper.
The reaper is heavily wounded.
You hit the reaper.
The reaper is heavily wounded.
You barely miss the reaper.
The reaper is heavily wounded.
You block the reaper's attack.
You hit the reaper.
The reaper is heavily wounded.
You barely miss the reaper.
The reaper is heavily wounded.
The reaper hits you with a +2 vampiric scythe!!
* * * LOW HITPOINT WARNING * * *
The reaper draws strength from your wounds!
Okay, then.
As you read the scroll of summoning, it crumbles to dust.
Wisps of shadow whirl around you...
You swap places.
The reaper hits you from afar with a +2 vampiric scythe!!
You die...

.................................
........⌠.............⌠......∩...
.................................
#######...###########...#########
.....2#...##.......##...#........
...PP.#...#.#.....#.#...#.##...##
P.P#P.#####..#...#.3#####..##.##.
..PPP.#...#?..#.#JJJ#...#...#.#..
.©.P..#©.©#©...#@y2.#©.©#©..#©..[
...P..#...#)".#.#...#...#...#.#.[
..P#P.#####..#...#JX#####..##.##.
P..PP.#...#.#.....#.#...#.##...##
......#...##...JJ..##...#........
#######...###########...#########
.................................
........8.............8..........
#################################


You could see a reaper, 5 friendly slime creatures, a friendly large
abomination, a friendly queen bee and a friendly ynoxinul.

Vanquished Creatures
  A fire dragon (D:9)
  Psyche (D:9)
  A tengu warrior (D:8)
  A two-headed ogre (D:8)
  Nergalle (D:10)
  3 orc knights (Bailey)
  3 ugly things
  Maurice (D:8)
  Joseph (D:9)
  2 trolls
  A hornet (D:10)
  Prince Ribbit (D:8)
  3 hippogriffs
  Sigmund (D:6)
  15 yaks
  A shadow (D:9)
  A wandering mushroom (Gauntlet)
  A steam dragon (D:8)
  2 hungry ghosts
  2 acid dragons (Gauntlet)
  A black bear (D:9)
  An ice beast (D:7)
  2 orc warriors
  2 necrophages
  2 sky beasts
  3 centaurs
  An ogre (D:6)
  9 bullfrogs
  A big kobold (D:9)
  6 killer bees (D:8)
  A scorpion (D:6)
  A howler monkey (D:8)
  3 crimson imps
  3 centaur zombies
  A bullfrog zombie (D:5)
  A centaur skeleton (D:7)
  10 hounds
  6 jellies
  4 orc wizards
  An orc priest (D:6)
  2 bullfrog skeletons
  An iguana (D:8)
  8 worker ants
  A worker ant zombie (D:8)
  3 gnolls (D:9)
  8 adders
  2 shadow imps
  6 oozes
  2 adder skeletons
  6 worms
  5 dart slugs
  4 leopard geckos
  38 orcs
  7 bats
  4 giant cockroaches
  9 goblins
  9 hobgoblins
  11 jackals
  3 quokkas
  3 ball pythons
  3 frilled lizards (D:1)
  2 jackal skeletons
  A jackal zombie (D:7)
  13 kobolds
  4 rats
257 creatures vanquished.

Vanquished Creatures (others)
  5 plants (Gauntlet)
5 creatures vanquished.

Grand Total: 262 creatures vanquished

Notes
Turn   | Place    | Note
-------+----------+-------------------------------------------
     0 | D:1      | diana the Demonspawn Gladiator began the quest for the Orb.
     0 | D:1      | Reached XP level 1. HP: 16/16 MP: 1/1
     2 | D:1      | Noticed a draconian
     2 | D:1      | Noticed a demigod
     4 | D:1      | Noticed a merfolk
     4 | D:1      | Noticed an octopode
     6 | D:1      | Noticed a troll
     6 | D:1      | Noticed a dwarf
     8 | D:1      | Noticed a naga
    10 | D:1      | Noticed a gargoyle
    10 | D:1      | Noticed a halfling
    12 | D:1      | Noticed a formicid
    12 | D:1      | Noticed a centaur
    14 | D:1      | Noticed a demonspawn
    14 | D:1      | Noticed a minotaur
    16 | D:1      | Noticed a vine stalker
    16 | D:1      | Noticed a felid
    18 | D:1      | Noticed a vampire
    20 | D:1      | Noticed a spriggan
    20 | D:1      | Noticed a tengu
    22 | D:1      | Noticed an elf
    24 | D:1      | Noticed an ogre
    26 | D:1      | Noticed a human
    26 | D:1      | Noticed a ghoul
   238 | D:1      | Reached skill level 3 in Long Blades
   522 | D:1      | Gained mutation: You are immune to rotting. [demonic
                  | ancestry]
   522 | D:1      | Reached XP level 2. HP: 7/22 MP: 2/2
  1220 | D:1      | Gained mutation: You are partially covered in thin metallic
                  | scales. (AC +2) [demonic ancestry]
  1220 | D:1      | Reached XP level 3. HP: 27/27 MP: 3/3
  1555 | D:2      | Reached skill level 4 in Long Blades
  1594 | D:2      | Found a blossoming altar of Fedhas.
  2338 | D:3      | Reached XP level 4. HP: 31/33 MP: 4/4
  2422 | D:3      | Found an opulent altar of Gozag.
  2446 | D:3      | Reached skill level 5 in Long Blades
  2673 | D:3      | Reached XP level 5. HP: 35/38 MP: 5/5
  3156 | D:4      | Found a shimmering blue altar of Sif Muna.
  3156 | D:4      | Found a shadowy altar of Dithmenos.
  3157 | D:4      | Found a hide-covered altar of Uskayaw.
  3333 | D:4      | Found a white marble altar of Elyvilon.
  4091 | D:5      | Entered Level 5 of the Dungeon
  4108 | D:5      | Noticed a sky beast
  4234 | D:5      | Killed a sky beast
  4234 | D:5      | Reached skill level 6 in Long Blades
  4234 | D:5      | Gained mutation: You have sharp fingernails. [demonic
                  | ancestry]
  4234 | D:5      | Reached XP level 6. HP: 44/44 MP: 6/6
  4506 | D:5      | Reached skill level 7 in Long Blades
  4728 | D:5      | Gained mutation: You are partially covered in sharp spines.
                  | [demonic ancestry]
  4728 | D:5      | Reached XP level 7. HP: 27/50 MP: 7/7
  5297 | D:5      | Found a shattered altar of Ashenzari.
  5336 | D:6      | Reached skill level 8 in Long Blades
  5438 | D:6      | Reached skill level 1 in Armour
  5966 | D:6      | Reached XP level 8. HP: 52/58 MP: 8/8
  6240 | D:6      | Found a sparkling altar of Nemelex Xobeh.
  6386 | D:6      | Noticed Sigmund
  6410 | D:6      | Killed Sigmund
  6513 | D:7      | Reached skill level 9 in Long Blades
  6692 | D:7      | Reached skill level 5 in Fighting
  6770 | D:7      | Found Kawoul's Antique Weapon Shoppe.
  6791 | D:7      | Gained mutation: You have very sharp fingernails. [demonic
                  | ancestry]
  6791 | D:7      | Reached XP level 9. HP: 50/68 MP: 9/9
  7324 | D:7      | Found a staircase to the Ecumenical Temple.
  7360 | Temple   | Entered the Ecumenical Temple
  7498 | Temple   | Became a worshipper of Warmaster Okawaru
  7773 | D:8      | Reached skill level 10 in Long Blades
  7798 | D:8      | Reached * piety under Okawaru
  7980 | D:8      | Noticed a two-headed ogre
  7988 | D:8      | Killed a two-headed ogre
  7988 | D:8      | Reached XP level 10. HP: 66/80 MP: 10/10
  8009 | D:8      | Noticed Maurice
  8070 | D:8      | Noticed a tengu warrior
  8165 | D:8      | Killed Maurice
  8628 | D:8      | Reached skill level 5 in Armour
  9014 | D:8      | Noticed Prince Ribbit
  9019 | D:8      | Reached ** piety under Okawaru
  9033 | D:8      | Killed Prince Ribbit
  9137 | D:8      | Killed a tengu warrior
  9137 | D:8      | Reached skill level 11 in Long Blades
  9449 | D:8      | Found a corrupted altar of Lugonu.
  9560 | D:9      | Found a staircase to the Lair.
  9560 | D:9      | Noticed a fire dragon
  9716 | D:9      | Noticed Joseph
  9742 | D:9      | Killed Joseph
  9742 | D:9      | Reached skill level 1 in Invocations
 10353 | D:9      | Reached *** piety under Okawaru
 10464 | D:9      | Noticed a red ugly thing
 10464 | D:9      | Noticed Psyche
 10688 | D:9      | Found a glowing golden altar of the Shining One.
 10735 | D:9      | Killed a red ugly thing
 10735 | D:9      | Reached skill level 12 in Long Blades
 10735 | D:9      | Gained mutation: You are mostly covered in thin metallic
                  | scales. (AC +3) [demonic ancestry]
 10735 | D:9      | Reached XP level 11. HP: 64/87 MP: 9/14
 10919 | D:9      | Killed Psyche
 10919 | D:9      | Reached **** piety under Okawaru
 10919 | D:9      | Reached skill level 5 in Invocations
 11007 | D:9      | Killed a fire dragon
 11302 | D:10     | Entered Level 10 of the Dungeon
 11307 | D:10     | Noticed a red ugly thing
 11307 | D:10     | Noticed Nergalle
 11332 | D:9      | Killed a red ugly thing
 11451 | D:10     | Noticed a spectral orc warlord
 11466 | D:10     | Killed Nergalle
 11527 | D:10     | Noticed a red ugly thing
 11545 | D:10     | Killed a red ugly thing
 11677 | D:10     | Reached ***** piety under Okawaru
 11834 | D:10     | Found a staircase to the Orcish Mines.
 12048 | D:10     | Reached skill level 13 in Long Blades
 12475 | D:11     | Found a flagged portal.
 12483 | Bailey   | Entered a bailey
 12737 | Bailey   | Noticed an orc knight
 12746 | Bailey   | Noticed an orc knight
 12746 | Bailey   | Noticed an orc knight
 12759 | Bailey   | Killed an orc knight
 12769 | Bailey   | Noticed an orc knight
 12770 | Bailey   | Noticed an orc knight
 12777 | Bailey   | Killed an orc knight
 12777 | Bailey   | Received a gift from Okawaru
 12788 | Bailey   | Killed an orc knight
 12863 | D:11     | Found a gate leading to a gauntlet.
 12878 | D:11     | Found Jerchiesch's Food Shop.
 12889 | Gauntlet | Entered a Gauntlet
 12889 | Gauntlet | Found a transporter.
 12889 | Gauntlet | Found a transporter.
 12959 | Gauntlet | Found a transporter.
 12963 | Gauntlet | Found a transporter.
 12971 | Gauntlet | Noticed a thrashing horror
 12972 | Gauntlet | Noticed a thrashing horror
 12973 | Gauntlet | Found a transporter.
 12977 | Gauntlet | Found a transporter.
 12987 | Gauntlet | Found a transporter.
 13008 | Gauntlet | Found a transporter.
 13008 | Gauntlet | Noticed a green death
 13013 | Gauntlet | Found a transporter.
 13017 | Gauntlet | Found a transporter.
 13018 | Gauntlet | Noticed a reaper
 13028 | Gauntlet | Found a transporter.
 13031 | Gauntlet | Found a transporter.
 13032 | Gauntlet | Noticed an oklob plant
 13534 | Gauntlet | an oklob plant changed into a wandering mushroom
 13871 | Gauntlet | Demolished by a reaper

Skill      XL: |  1  2  3  4  5  6  7  8  9 10 11 |
---------------+----------------------------------+-----
Long Blades    | 3 4 5 6 7 8 9 10 12 13 | 13.3
Armour         | 1 3 4 5 6 |  6.6
Fighting       | 3 5 7 8 9 |  9.7
Invocations    | 4 6 |  6.7
Throwing       | |  1.7
Dodging        | |  2.6

Action                   |  1- 3 |  4- 6 |  7- 9 | 10-12 || total
-------------------------+-------+-------+-------+-------++-------
Melee: Long sword        |   151 |   190 |   257 |   553 ||  1151
       Punch             |       |       |       |     6 ||     6
Invok: Heroism           |       |       |     1 |    12 ||    13
       Finesse           |       |       |       |     2 ||     2
Evoke: Wand              |       |     3 |       |    22 ||    25
  Use: Scroll            |       |     5 |     1 |    12 ||    18
       Potion            |       |     1 |     1 |     6 ||     8
 Stab: Sleeping          |     2 |       |       |       ||     2
  Eat: Chunk             |     5 |     7 |    12 |    12 ||    36
       Ration            |       |       |     1 |     2 ||     3
Armor: Leather armour    |    27 |       |       |       ||    27
       Ring mail         |    16 |    34 |       |       ||    50
       Scale mail        |       |    52 |    92 |   101 ||   245
       Chain mail        |       |       |       |   106 ||   106
Dodge: Dodged            |    81 |   109 |    95 |   227 ||   512
Block: Other             |     1 |    10 |    19 |   114 ||   144
